 Dungeon Crawl Stone Soup version 0.15.2 (webtiles) character file.

145 RUkek the Firebug (level 5, -6/28 HPs)
             Began as a Gargoyle Fire Elementalist on Dec 11, 2014.
             Mangled by an iguana (10 damage)
             ... on Level 4 of the Dungeon.
             The game lasted 00:13:47 (3506 turns).

RUkek the Firebug (Gargoyle Fire Elementalist)      Turns: 3506, Time: 00:13:48

HP  -6/28        AC  9     Str 12      XL: 5   Next: 27%
MP   1/9         EV 10     Int 16      God:
Gold 152         SH  0     Dex 10      Spells:  3 memorised,  1 level left

rFire  + . .     SeeInvis .     e - +0 whip
rCold  . . .     Clarity  .     o - +0 leather armour
rNeg   + . .     rCorr    .     (no shield)
rPois  +         rRot     +     (no helmet)
rElec  +         Spirit   .     q - +1 cloak
SustAb .         Warding  .     (no gloves)
rMut   .         Stasis   .     (no boots)
Gourm  +                        j - amulet of the gourmand
MR     +....                    i - ring of protection from magic
                                f - ring of protection from fire

@: very slightly contaminated, somewhat resistant to hostile enchantments,
unstealthy
A: negative energy resistance 1, electricity resistance, unbreathing,
petrification resistance, rot immunity, AC +4
a: no special abilities


You were on level 4 of the Dungeon.
You were not hungry.

You visited 1 branch of the dungeon, and saw 4 of its levels.

You collected 152 gold pieces.

Inventory:

Hand weapons
 e - a +0 whip (weapon)
Armour
 o - a +0 leather armour (worn)
 q - a +1 cloak (worn)
Magical devices
 a - a wand of digging (10)
Comestibles
 c - 5 bread rations
 t - a royal jelly
 u - a slice of pizza
Scrolls
 d - 2 scrolls of remove curse
 k - a scroll of teleportation {unknown}
 l - 2 scrolls of recharging {unknown}
 m - 2 scrolls of random uselessness {unknown}
 n - 3 scrolls of blinking
 p - a scroll of fog {unknown}
 r - a scroll of immolation {unknown}
 s - a scroll of noise {unknown}
 v - a scroll of enchant armour {unknown}
 x - a scroll of amnesia {unknown}
 y - a scroll of enchant weapon {unknown}
Jewellery
 f - a ring of protection from fire (left hand)
 i - a ring of protection from magic (right hand)
 j - an amulet of the gourmand (around neck)
Potions
 g - 2 potions of cure mutation
 h - a potion of heal wounds
 w - a potion of berserk rage {unknown}
Books
 b - a book of Flames

   Spells                             Type                      Level
   *Flame Tongue                      Conjuration/Fire             1
   Throw Flame                        Conjuration/Fire             2
   *Conjure Flame                     Conjuration/Fire             3
   Inner Flame                        Hexes/Fire                   3
   *Sticky Flame                      Conjuration/Fire             4
   Fireball                           Conjuration/Fire             5


   Skills:
 - Level 1.5 Dodging
 - Level 2.1 Stealth
 - Level 2.5 Spellcasting
 * Level 3.4 Conjurations
 * Level 4.4 Fire Magic


You had one spell level left.
You knew the following spells:

 Your Spells              Type           Power        Failure   Level  Hunger
a - Flame Tongue          Conj/Fire      ##...        4%          1    #......
b - Sticky Flame          Conj/Fire      ##......     38%         4    #####..
c - Conjure Flame         Conj/Fire      ##......     12%         3    ###....


Dungeon Overview and Level Annotations

Branches:
Dungeon (4/15)
 Temple: D:4-7

Altars:
Ashenzari


Innate Abilities, Weirdness & Mutations

You are resistant to torment.
You are immune to poison.
Your stone body is very resilient (AC +4).
You resist negative energy.
You are resistant to electric shocks.
You can survive without breathing.
You are immune to petrification.
You are immune to rotting.


Message History

The flame tongue misses the iguana.
The iguana bites you. The goblin closely misses you.
Casting: Flame Tongue
Confirm with . or Enter, or press ? or * to list all spells.
Aiming: Flame Tongue
Press: ? - help, Shift-Dir - straight line, f/p - iguana
Aim: an iguana (heavily wounded)
The flame tongue hits the iguana.
The iguana is severely wounded.
The iguana bites you!
* * * LOW HITPOINT WARNING * * *
Casting: Flame Tongue
Confirm with . or Enter, or press ? or * to list all spells.
Aiming: Flame Tongue
Press: ? - help, Shift-Dir - straight line, f/p - iguana
Aim: an iguana (severely wounded)
The flame tongue hits the iguana.
The iguana appears unharmed.
The iguana is severely wounded.
The goblin hits you but does no damage. The iguana bites you!
You die...

>#.#
#.#.##............#.###
#.#
.#.##..................
#.###########........#
#.###########........#
#.#..................#
#....).............
##..........#.##.###
............#.# ..#
##.....g@...#.# .#
#......l$.?....#
#..........#.#.
#..........#.#
#.......%..# #
###.##+#+## #. #.


You could see an iguana and a goblin.

Vanquished Creatures
  Ijyb (D:3)
  2 gnolls (D:4)
  2 adders
  2 worms
  3 giant geckos
  2 oozes (D:1)
  3 ball pythons
  4 giant cockroaches
  13 goblins
  4 hobgoblins
  11 jackals
  A quokka (D:3)
  8 bats
  3 giant newts
  8 kobolds
  10 rats
  A rat skeleton (D:4)
78 creatures vanquished.

Notes
Turn   | Place    | Note
--------------------------------------------------------------
     0 | D:1      | RUkek, the Gargoyle Fire Elementalist, began the quest for the Orb.
     0 | D:1      | Reached XP level 1. HP: 10/10 MP: 3/3
   128 | D:1      | Found a shattered altar of Ashenzari.
   195 | D:1      | Reached XP level 2. HP: 13/15 MP: 0/4
   916 | D:1      | Reached XP level 3. HP: 19/19 MP: 4/6
  2102 | D:2      | Reached XP level 4. HP: 22/24 MP: 5/8
  2117 | D:2      | Learned a level 4 spell: Sticky Flame
  2469 | D:3      | Noticed Ijyb
  2562 | D:3      | Killed Ijyb
  2562 | D:3      | Reached skill level 4 in Fire Magic
  2578 | D:3      | Learned a level 3 spell: Conjure Flame
  3355 | D:4      | Reached XP level 5. HP: 28/28 MP: 2/9
  3506 | D:4      | Mangled by an iguana

Action                   |  1- 3 |  4- 6 || total
-------------------------+-------+-------++-------
Melee: Unarmed           |    18 |       ||    18
       Whip              |       |    47 ||    47
 Cast: Flame Tongue      |    81 |    79 ||   160
  Use: Scroll            |     2 |     3 ||     5
  Eat: Chunk             |     4 |     6 ||    10
